 Dungeon Crawl Stone Soup version 0.18-a0-809-g212a022 (webtiles) character file.

133 Enish the Vexing (level 4, -3/30 HPs)
             Began as a Vampire Enchanter on Dec 14, 2015.
             Was an Initiate of Dithmenos.
             Killed by divine providence
             ... invoked by an orc priest
              (16 damage)
             ... on level 3 of the Dungeon.
             The game lasted 00:11:15 (4069 turns).

Enish the Vexing (Vampire Enchanter)                Turns: 4069, Time: 00:11:15

Health: -3/30      AC:  4    Str:  7    XL:     4   Next: 93%
Magic:  3/7        EV: 12    Int: 17    God:    Dithmenos [......]
Gold:   204        SH:  0    Dex: 15    Spells: 3 memorised, 2 levels left

rFire  . . .     SeeInvis +     a - +2 dagger
rCold  + . .     Clarity  .     b - +2 robe
rNeg   + + .     SustAt   .     (no shield)
rPois  +         Gourm    .     (no helmet)
rElec  .         Spirit   .     (no cloak)
rCorr  .         Dismiss  .     (no gloves)
rMut   .         Stasis   .     (no boots)
MR     +....                    (no amulet)
Stlth  +++.......               g - ring of wizardry
                                k - ring of protection from magic

@: regenerating slowly, somewhat resistant to hostile enchantments, fairly
stealthy
A: fangs 3, see invisible, unbreathing
a: Bat Form, Renounce Religion


You were on level 3 of the Dungeon.
You worshipped Dithmenos.
Dithmenos was noncommittal.
You were very thirsty.

You visited 1 branch of the dungeon, and saw 3 of its levels.

You collected 204 gold pieces.

Inventory:

Hand Weapons
 a - a +2 dagger (weapon)
 j - a +0 blowgun
Missiles
 f - 111 stones (quivered)
 m - 8 poisoned needles
Armour
 b - a +2 robe (worn)
Jewellery
 g - a ring of wizardry (right hand)
 k - a ring of protection from magic (left hand)
Scrolls
 d - 3 scrolls of magic mapping {unknown}
 e - a scroll of remove curse
 n - 2 scrolls of teleportation
 q - 2 scrolls of enchant armour
Potions
 h - 4 potions of curing
 i - a potion of berserk rage {unknown}
 o - 2 potions of agility
 p - a potion of resistance {unknown}
 s - a potion of mutation {unknown}
 t - a potion of degeneration {unknown}
Books
 c - a book of Maledictions

   Spells                             Type                      Level
   a - Corona                         Hexes                        1
   b - Ensorcelled Hibernation        Hexes/Ice                    2
   c - Confuse                        Hexes                        3
   d - Tukima's Dance                 Hexes                        3
   e - Dazzling Spray                 Conjuration/Hexes            3


   Skills:
 - Level 4.0 Short Blades
 - Level 2.1 Dodging
 - Level 4.4 Stealth
 * Level 2.5 Spellcasting
 - Level 5.8 Hexes


You had 2 spell levels left.
You knew the following spells:

 Your Spells              Type           Power        Failure   Level  Hunger
a - Corona                Hex            ###....      1%          1    #......
b - Ensorcelled Hibernat  Hex/Ice        ##....       4%          2    ##.....
c - Confuse               Hex            ###.....     3%          3    ###....


Dungeon Overview and Level Annotations

Branches:
Dungeon (3/15)

Altars:
Dithmenos
Fedhas
Makhleb
Pakellas
Qazlal
Ru
Vehumet
Zin
The Shining One


Innate Abilities, Weirdness & Mutations

You heal slowly.
You have razor-sharp teeth.
You have supernaturally acute eyesight.
You can survive without breathing.


Message History

You are feeling very thirsty.
The orc completely misses you.
The orc priest shouts!
You barely miss the orc priest.
You hear a shout!
Casting: Ensorcelled Hibernation
Confirm with . or Enter, or press ? or * to list all spells.
Aiming: Ensorcelled Hibernation
Press: ? - help, Shift-Dir - straight line, f/p - orc priest
Aim: an orc priest, wielding a hand axe and wearing a ring mail (chance to defeat MR: 43%)
The orc priest is unaffected.
The orc priest calls down the wrath of Beogh upon you.
Something smites you!
Ouch! That really hurt!
The orc misses you.
You barely miss the orc priest.
The orc priest mumbles some strange prayers to Beogh against you.
Something smites you!
Ouch! That really hurt!
You die...

#.# #.# #.# #.# #########
############ .... #.#
#.......# #........... ....#
#.# #.......###.#########.
....###.# #........##.# #.
....).#.####........##.#
#####.
......#...o...o.@...##.#
#.....
......####.....oo...[.)#
#.#### ......#
#.........##### #.#<..
......# #.#.......# #.####
#.....####......%..# #.....
................#### ######
#.....[..####.#..#
#........####.#..###########
.........+.................


You could see an orc priest and 3 orcs.

Vanquished Creatures
  Terence (D:2)
  3 gnolls (D:2)
  An adder (D:2)
  2 worms (D:3)
  2 giant geckos (D:2)
  2 orcs (D:3)
  9 bats
  2 giant cockroaches (D:3)
  7 goblins
  6 hobgoblins
  3 jackals (D:3)
  5 kobolds
  2 quokkas
  A ball python (D:2)
  5 giant newts
  8 rats
59 creatures vanquished.

Notes
Turn   | Place    | Note
--------------------------------------------------------------
     0 | D:1      | Enish the Vampire Enchanter began the quest for the Orb.
     0 | D:1      | Reached XP level 1. HP: 13/13 MP: 3/3
   554 | D:1      | Reached XP level 2. HP: 19/19 MP: 5/5
   609 | D:1      | Learned a level 2 spell: Ensorcelled Hibernation
  1238 | D:2      | Noticed Terence
  1239 | D:2      | Found an oddly glowing altar of Pakellas.
  1256 | D:2      | Killed Terence
  1256 | D:2      | Reached XP level 3. HP: 24/24 MP: 0/6
  1611 | D:2      | Learned a level 3 spell: Confuse
  2003 | D:2      | Found a shadowy altar of Dithmenos.
  2004 | D:2      | Found a glowing silver altar of Zin.
  2005 | D:2      | Found a blossoming altar of Fedhas.
  2006 | D:2      | Found a radiant altar of Vehumet.
  2006 | D:2      | Found a stormy altar of Qazlal.
  2007 | D:2      | Found a sacrificial altar of Ru.
  2011 | D:2      | Became a worshipper of Dithmenos the Shadowed
  2052 | D:2      | Found a burning altar of Makhleb.
  2052 | D:2      | Found a glowing golden altar of the Shining One.
  2260 | D:2      | Reached skill level 5 in Hexes
  2260 | D:2      | Reached XP level 4. HP: 30/30 MP: 4/7
  3889 | D:3      | HP: 1/30 [orc priest/divine providence (15)]
  4069 | D:3      | Killed from afar by an orc priest

Vault maps used:
D:1:      tarquinn_simple_flora_water_a, serial_forest,
          infiniplex_forest_clump_medium, infiniplex_forest_clump_curved,
          infiniplex_forest_lined_2, infiniplex_forest_end_2,
          infiniplex_forest_join, infiniplex_forest_corner_2,
          infiniplex_forest_clump_diagonal, infiniplex_forest_fountain,
          infiniplex_forest_clump_diagonal, infiniplex_forest_clump_curved
D:2:      grunt_temple_overflow_open, gammafunk_temple_overflow_statue,
          nicolae_overflow_crystal_walls, uniq_terence
D:3:      first_bread, ecumenical_altar_1

Action                   |  1- 3 |  4- 6 || total
-------------------------+-------+-------++-------
Melee: Dagger            |    70 |    76 ||   146
 Cast: Ensorcelled Hiber |     7 |    22 ||    29
 Abil: End Transformatio |       |     1 ||     1
       Bat Form          |       |     1 ||     1
  Use: Potion            |     1 |     3 ||     4
       Scroll            |       |    11 ||    11
 Stab: Sleeping          |    18 |    12 ||    30
  Eat: Corpse            |     1 |     2 ||     3
